 Dungeon Crawl Stone Soup version 0.17.0-28-g6e173f8 (webtiles) character file.

3018 PossumBlood the Grappler (level 9, -5/89 HPs)
             Began as a Troll Monk on Dec 3, 2015.
             Was a Priest of Trog.
             Slain by a basilisk (9 damage)
             ... on level 8 of the Dungeon.
             The game lasted 00:22:49 (5235 turns).

PossumBlood the Grappler (Troll Monk)               Turns: 5235, Time: 00:22:49

Health: -5/89      AC:  5    Str: 21    XL:     9   Next: 55%
Magic:  0/8        EV:  1    Int:  6    God:    Trog [***...]
Gold:   242        SH:  0    Dex: 15    Spells: 0 memorised, 8 levels left

rFire  + . .     SeeInvis .       - Unarmed
rCold  . . .     Clarity  .     y - +0 robe {rF+}
rNeg   + + +     SustAt   .     (no shield)
rPois  ∞         Gourm    +     (helmet restricted)
rElec  .         Spirit   +     (no cloak)
rCorr  .         Warding  .     (gloves unavailable)
rMut   .         Stasis   .     (boots unavailable)
MR     .....                    h - amulet of guardian spirit
Stlth  ++........               (no ring)
                                (no ring)

@: exhausted, petrified, slowed, not resistant to hostile enchantments,
unstealthy
A: unfitting armour, claws 3, fast metabolism 3, gourmand, regeneration 2,
shaggy fur 1, tough skin 2
a: Berserk, Trog's Hand, Burn Spellbooks, Renounce Religion


You were on level 8 of the Dungeon.
You worshipped Trog.
Trog was most pleased with you.
You were very full.

You visited 1 branch of the dungeon, and saw 8 of its levels.

You collected 416 gold pieces.
You spent 174 gold pieces at shops.

Inventory:

Hand Weapons
 A - a +0 scythe of slicing
Armour
 y - a +0 robe of fire resistance (worn)
Jewellery
 h - an amulet of guardian spirit (around neck)
 o - an uncursed ring of fire
 z - an uncursed ring of magical power
 C - an uncursed ring of protection from fire {unknown}
Wands
 p - a wand of magic darts (20)
Scrolls
 a - 2 scrolls of magic mapping
 b - 2 scrolls of enchant weapon
 f - 2 scrolls of blinking {unknown}
 k - 2 scrolls of teleportation
 n - 6 scrolls of remove curse
 u - a scroll of identify
 v - 3 scrolls of random uselessness {unknown}
 B - a scroll of fog {unknown}
 D - 2 scrolls of fear {unknown}
 E - a scroll of recharging
Potions
 c - 4 potions of might {unknown}
 e - a potion of resistance {unknown}
 g - a potion of lignification {unknown}
 i - a potion of haste {unknown}
 j - 2 potions of poison {unknown}
 l - a potion of ambrosia {unknown}
 q - 2 potions of heal wounds {unknown}
 r - 2 potions of cure mutation {unknown}
 t - 2 potions of degeneration {unknown}
 w - a potion of invisibility {unknown}
 x - a potion of magic {unknown}
Comestibles
 m - a meat ration
 s - 2 bread rations
 F - 7 chunks of flesh


   Skills:
 + Level 6.0 Fighting
 + Level 6.2 Dodging
 - Level 1.1 Stealth
 * Level 10.2 Unarmed Combat


You had 8 spell levels left.
You didn't know any spells.

Dungeon Overview and Level Annotations

Branches:
Dungeon (8/15)             Temple (0/1) D:4
   Lair: D:8-11

Altars:
Ashenzari
Dithmenos
Elyvilon
Makhleb
Okawaru
Sif Muna
Trog
Vehumet
Yredelemnul
The Shining One

Shops:
D:4 ::**!   D:8 }


Innate Abilities, Weirdness & Mutations

You are too large for most types of armour.
You have claws for hands.
Your metabolism is lightning-fast.
You like to eat raw meat.
You heal very quickly.
You are covered in fur (AC +1).
You have very tough skin (AC +2).


Message History

The basilisk is severely wounded.
The basilisk gazes at you.
You are slowing down.
An orc comes into view. It is wielding a hand axe.
The orc shouts!
You scratch the basilisk.
The basilisk is severely wounded.
The orc wizard gestures wildly while chanting.
The orc wizard flickers and vanishes!
Deactivating autopickup; reactivate with Ctrl-A.
The basilisk bites you but does no damage.
The orc moves out of view.
The basilisk bites you!!
* * * LOW HITPOINT WARNING * * *
You have turned to stone.
The basilisk gazes at you. You resist with some effort. The basilisk bites you.
* * * LOW HITPOINT WARNING * * *
The basilisk bites you!!
You die...

....P.P #.........#
....Y. #####..#..#
.!...#######..#..#
♣.orY........#..#
.Y.Y#######....##
###Y.# ##.....##
#...Y## ##.......#
.##.#rtY####.........#
......lrYl@.'.........+
.###.#.ro####.........#
......## ##.......##
###.#### ##.....## #.
##...## # #+##


You could see 5 yaks, 2 basilisks, a crocodile, a porcupine, 2 river rats and an
orc.

Vanquished Creatures
  A hill giant (D:7)
  Pikel (D:4)
  Grinder (D:4)
  Prince Ribbit (D:7)
  Sigmund (D:5)
  A hungry ghost (D:3)
  Menkaure (D:5)
  A black bear (D:7)
  2 ice beasts
  An ogre (D:5)
  A phantom (D:8)
  A scorpion (D:5)
  2 crimson imps (D:8)
  A centaur skeleton (D:7)
  A jelly (D:5)
  An iguana (D:8)
  3 orc wizards
  2 hounds
  2 orc priests
  6 worker ants
  A hound zombie (D:6)
  8 adders
  5 gnolls
  2 worker ant zombies (D:7)
  A river rat (D:8)
  A shadow imp (D:5)
  An adder skeleton (D:7)
  6 worms
  5 giant geckos
  12 orcs
  10 giant cockroaches
  3 hobgoblins
  5 jackals
  3 quokkas
  9 bats
  2 giant newts
  5 goblins
  8 kobolds
  7 rats
125 creatures vanquished.

Vanquished Creatures (others)
  A black bear (D:6)
  A gnoll (D:4)
2 creatures vanquished.

Grand Total: 127 creatures vanquished

Notes
Turn   | Place    | Note
--------------------------------------------------------------
     0 | D:1      | PossumBlood the Troll Monk began the quest for the Orb.
     0 | D:1      | Reached XP level 1. HP: 22/22 MP: 0/0
   476 | D:1      | Reached XP level 2. HP: 26/29 MP: 1/1
   788 | D:2      | Reached XP level 3. HP: 33/36 MP: 2/2
  1044 | D:2      | Reached XP level 4. HP: 41/44 MP: 3/3
  1117 | D:2      | Reached skill level 5 in Unarmed Combat
  1168 | D:2      | Found a bloodstained altar of Trog.
  1383 | D:3      | Reached XP level 5. HP: 53/53 MP: 4/4
  1401 | D:3      | Found a basalt altar of Yredelemnul.
  1535 | D:3      | Noticed a hungry ghost
  1572 | D:3      | Killed a hungry ghost
  1572 | D:3      | Reached skill level 6 in Unarmed Combat
  1572 | D:3      | Reached XP level 6. HP: 40/61 MP: 2/5
  1607 | D:3      | Found a shattered altar of Ashenzari.
  1716 | D:3      | Found a white marble altar of Elyvilon.
  2183 | D:2      | Became a worshipper of Trog the Wrathful
  2183 | D:2      | Reached * piety under Trog
  2183 | D:2      | Reached ** piety under Trog
  2238 | D:4      | Found Voeq Bimm's Assorted Antiques.
  2247 | D:4      | Bought a runed tourmaline ring for 135 gold pieces
  2291 | D:4      | Found Muyllu's Distillery.
  2301 | D:4      | Bought a potion of curing for 39 gold pieces
  2316 | D:4      | Noticed Grinder
  2324 | D:4      | Killed Grinder
  2324 | D:4      | Reached XP level 7. HP: 44/68 MP: 3/6
  2337 | D:4      | Noticed Pikel
  2349 | D:4      | Killed Pikel
  2349 | D:4      | Reached skill level 7 in Unarmed Combat
  2349 | D:4      | Reached XP level 8. HP: 25/79 MP: 1/7
  2495 | D:4      | Found Fant's Assorted Antiques.
  2505 | D:4      | Found Nuopuidd's Book Shoppe.
  2610 | D:4      | Found a staircase to the Ecumenical Temple.
  2694 | D:4      | Found Ehooll's Book Shoppe.
  2779 | D:5      | Entered Level 5 of the Dungeon
  2779 | D:5      | Noticed Menkaure
  2784 | D:5      | Killed Menkaure
  2784 | D:5      | Reached skill level 8 in Unarmed Combat
  2851 | D:5      | Found a shadowy altar of Dithmenos.
  3113 | D:5      | Noticed Sigmund
  3121 | D:5      | Killed Sigmund
  3121 | D:5      | Reached skill level 5 in Fighting
  3121 | D:5      | Reached skill level 5 in Dodging
  3340 | D:5      | Found a deep blue altar of Sif Muna.
  3340 | D:5      | Found an iron altar of Okawaru.
  3542 | D:6      | Reached skill level 9 in Unarmed Combat
  4144 | D:7      | Noticed Prince Ribbit
  4166 | D:7      | Killed Prince Ribbit
  4166 | D:7      | Reached XP level 9. HP: 21/88 MP: 1/8
  4304 | D:7      | Reached *** piety under Trog
  4330 | D:7      | Found a burning altar of Makhleb.
  4432 | D:7      | Found a radiant altar of Vehumet.
  4565 | D:7      | Noticed a hill giant
  4578 | D:7      | Killed a hill giant
  4578 | D:7      | Reached skill level 10 in Unarmed Combat
  4730 | D:7      | Found a glowing golden altar of the Shining One.
  4974 | D:8      | Found Vytsoss's Gadget Boutique.
  5232 | D:8      | HP: 4/89 [basilisk (11)]
  5235 | D:8      | Slain by a basilisk

Action                   |  1- 3 |  4- 6 |  7- 9 || total
-------------------------+-------+-------+-------++-------
Melee: Unarmed           |    97 |   140 |   176 ||   413
Invok: Berserk           |       |       |     3 ||     3
  Use: Scroll            |     2 |     5 |     3 ||    10
       Potion            |       |       |     4 ||     4
 Stab: Sleeping          |     2 |     3 |     4 ||     9
  Eat: Bread ration      |     1 |     1 |       ||     2
       Chunk             |     5 |    13 |    16 ||    34
       Meat ration       |     1 |     1 |     2 ||     4
       Royal jelly       |       |     1 |       ||     1
       Fruit             |       |       |     5 ||     5
       Beef jerky        |       |       |     1 ||     1
